 Dungeon Crawl Stone Soup version 0.31-a0-521-gc7390f8997 (webtiles) character file.

Game seed: 5054328482963407315

2824 javelincjr the Trooper (level 9, -2/69 HPs)
             Began as a Demonspawn Fighter on Aug 10, 2023.
             Was a Follower of Makhleb.
             Slain by a yak (6 damage)
             ... on level 8 of the Dungeon.
             The game lasted 00:20:07 (5916 turns).

javelincjr the Trooper (Demonspawn Fighter)         Turns: 5916, Time: 00:20:07

Health: -2/69      AC:  9    Str: 21    XL:     9   Next: 45%
Magic:  9/9        EV: 13    Int:  9    God:    Makhleb [*.....]
Gold:   433        SH:  0    Dex: 13    Spells: 8/8 levels left

rFire   . . .        r - +0 rapier (speed)
rCold   . . .        (no shield)
rNeg    . . .        G - +0 steam dragon scales
rPois   .            (no helmet)
rElec   .            y - +0 cloak
rCorr   .            (gloves unavailable)
SInv    .            (no boots)
Will    .....        z - amulet of regeneration
Stlth   +            (no ring)
HPRegen 1.11/turn    (no ring)
MPRegen 0.11/turn

%: no passive effects
@: mighty, brilliant, mesmerised, hasted, very quick
A: slimy green scales 1, demonic guardian 1, demonic touch 3
a: Renounce Religion


You were on level 8 of the Dungeon.
You worshipped Makhleb.
Makhleb was aware of your devotion.
You visited 2 branches of the dungeon, and saw 9 of its levels.

You collected 433 gold pieces.

Inventory:

Hand Weapons
 a - a +0 trident
 o - the +6 sling "Riakhi" {elec, Str-4 Int+4 Dex+5}
   (You found it on level 2 of the Dungeon)

   Str-4:     It affects your strength (-4).
   Int+4:     It affects your intelligence (+4).
   Dex+5:     It affects your dexterity (+5).
 r - a +0 rapier of speed (weapon)
 v - a +2 dagger of electrocution
 F - a +3 falchion of freezing
Missiles
 l - 15 poisoned darts
Armour
 b - a +0 scale mail
 c - a +0 buckler
 k - a +3 leather armour
 s - a +1 pair of gloves of hurling
 y - a +0 cloak (worn)
 G - +0 steam dragon scales (worn)
Jewellery
 z - an amulet of regeneration (around neck)
 A - an amulet of magic regeneration
 H - an amulet of guardian spirit
Wands
 C - a wand of quicksilver (8)
Scrolls
 g - 2 scrolls of poison {unknown}
 i - 2 scrolls of revelation {unknown}
 n - 7 scrolls of identify {unknown}
 p - 5 scrolls of teleportation {unknown}
 t - a scroll of enchant weapon {unknown}
 x - a scroll of brand weapon {unknown}
 E - a scroll of enchant armour {unknown}
Potions
 d - 2 potions of might
 e - a potion of brilliance
 h - a potion of mutation {unknown}
 j - a potion of curing {unknown}
 m - a potion of experience {unknown}
 q - 2 potions of heal wounds {unknown}
 u - 2 potions of magic {unknown}
 w - 2 potions of resistance {unknown}
 B - a potion of berserk rage {unknown}
 D - a potion of ambrosia {unknown}


   Skills:
 + Level 6.2 Fighting
 - Level 3.4 Polearms
 + Level 4.4 Ranged Weapons
 + Level 5.7 Armour
 + Level 4.4 Dodging
 + Level 5.5 Shields
 + Level 3.6 Unarmed Combat


You had 8 spell levels left.
You didn't know any spells.
Your spell library contained the following spells:

 Spells                   Type           Power      Damage    Failure   Level
 Scorch                   Fire           0%         2d5       52%         2
 Frozen Ramparts          Ice            0%         1d1       77%         3
 Ignite Poison            Fire/Tmut/Pois 0%         N/A       77%         3
 Animate Dead             Necr           0%         N/A       99%         4
 Flame Wave               Conj/Fire      0%         2d4       99%         4
 Petrify                  Tmut/Erth      0%         N/A       99%         4
 Sticky Flame             Conj/Fire      0%         2d3       99%         4
 Metabolic Englaciation   Hex/Ice        0%         N/A       100%        5
 Summon Cactus Giant      Summ           0%         N/A       100%        6
 Haunt                    Necr/Summ      0%         N/A       100%        7
 Ignition                 Fire           0%         3d3       100%        8
 Infestation              Necr           0%         N/A       100%        8
 Chain Lightning          Conj/Air       0%         N/A       100%        9
 Fire Storm               Conj/Fire      0%         5d1       100%        9
 Shatter                  Erth           0%         3d5*      100%        9


Dungeon Overview and Level Annotations

Branches:
Dungeon (8/15)             Temple (1/1) D:6
   Lair: D:8-11

Altars:
Ashenzari
Dithmenos
Fedhas
Gozag
Hepliaklqana
Kikubaaqudgha
Makhleb
Nemelex Xobeh
Okawaru
Qazlal
Ru
Sif Muna
Trog
Uskayaw
Vehumet
Wu Jian
Xom
Yredelemnul

Shops:
D:1 [   D:3 =

Annotations:
D:8 Maggie


Innate Abilities, Weirdness & Mutations

You are partially covered in slimy green scales. (AC +2)
A weak demonic guardian rushes to your aid.
Your touch may irresistibly damage your foes and sap their willpower.


Message History

The yak gores you but does no damage. The yak barely misses you.
You hit the yak.
The yak is moderately wounded.
The yak gores you but does no damage. The yak barely misses you.
You closely miss the yak.
The yak is moderately wounded.
The yak gores you! x2
You barely miss the yak.
The yak is moderately wounded.
You cannot move away from Maggie!
You hit the yak.
The yak is heavily wounded.
The yak gores you! The yak gores you but does no damage.
You barely miss the yak.
The yak is heavily wounded.
The yak gores you!
* * * LOW HITPOINT WARNING * * *
A demonic guardian appears!
The yak closely misses you.
You feel very mighty all of a sudden. The yak misses you.
The yak gores you but does no damage.
Your quasit bites the yak but does no damage.
Your quasit barely misses the yak.
Your quasit claws the yak but does no damage.
You barely miss the yak.
The yak is heavily wounded.
Your quasit bites the yak but does no damage.
Your quasit claws the yak.
Your quasit claws the yak but does no damage.
The yak closely misses you. The yak gores you.
* * * LOW HITPOINT WARNING * * *
It was a potion of brilliance.
You feel clever all of a sudden.
Your quasit barely misses the yak.
Your quasit claws the yak.
Your quasit closely misses the yak.
The yak closely misses your quasit. The yak gores you!
* * * LOW HITPOINT WARNING * * *
It was a potion of haste.
You feel yourself speed up.
Your quasit bites the yak.
Your quasit completely misses the yak.
Your quasit claws the yak.
The yak gores you.
You die...

.....###(|.....#
...........##### #
......)..........
#.#######.....)..######
#............))..#
.......#.........#
.......#.........#
......@#Y5.......#
......YY@........#
.^.....##....†...#
....... #........#
....... #........#
#...... #........######
#...... #.............#
#...... #............##
#...... #.....)....)##
#...........#


You could see Maggie (mesmerising), 3 yaks and a friendly quasit (summoned).

Vanquished Creatures
  3 yaks (D:8)
  A steam dragon (D:8)
  2 water moccasins
  4 ogres
  A centaur (D:7)
  2 phantoms
  A kobold brigand (D:7)
  A bullfrog (D:8)
  A gnoll sergeant (D:5)
  3 scorpions
  4 wights (D:7)
  2 howler monkeys (D:8)
  Crazy Yiuf (D:4)
  A jelly (D:4)
  A gnoll bouda (D:4)
  An orc priest (D:6)
  3 hounds
  A sleepcap (D:7)
  4 iguanas
  4 orc wizards
  13 gnolls
  7 adders
  2 shadow imps
  2 white imps
  4 worms
  2 dart slugs (D:2)
  20 orcs
  5 bats
  11 endoplasms
  7 giant cockroaches
  10 goblins
  11 hobgoblins
  5 jackals (D:1)
  12 kobolds
  4 quokkas
  10 ball pythons
  3 frilled lizards
  2 rats
171 creatures vanquished.

Vanquished Creatures (collateral kills)
  A hound (D:5)
  A gnoll (D:5)
  An orc (D:6)
3 creatures vanquished.

Vanquished Creatures (others)
  An orc (D:8)
1 creature vanquished.

Grand Total: 175 creatures vanquished

Notes
Turn   | Place    | Note
-------+----------+-------------------------------------------
     0 | D:1      | javelincjr the Demonspawn Fighter began the quest for the
                  | Orb.
     0 | D:1      | Reached XP level 1. HP: 18/18 MP: 1/1
    23 | D:1      | Found Moal's Antique Armour Shoppe.
   147 | D:1      | Gained mutation: Your touch may inflict minor irresistible
                  | damage on your foes. [demonic ancestry]
   147 | D:1      | Reached XP level 2. HP: 24/24 MP: 2/2
   533 | D:1      | Found a faded altar of an unknown god.
   587 | D:1      | Gained mutation: Your touch may inflict irresistible damage
                  | on your foes. [demonic ancestry]
   587 | D:1      | Reached XP level 3. HP: 29/29 MP: 3/3
  1151 | D:2      | Found an opulent altar of Gozag.
  1176 | D:2      | Reached XP level 4. HP: 32/35 MP: 4/4
  1180 | D:2      | Identified the +6 sling "Riakhi" {elec, Str-4 Int+4 Dex+5}
  2181 | D:3      | Found Gaczaec's Jewellery Shop.
  2236 | D:4      | Reached skill level 1 in Dodging
  2236 | D:4      | Gained mutation: You are partially covered in slimy green
                  | scales. (AC +2) [demonic ancestry]
  2236 | D:4      | Reached XP level 5. HP: 42/42 MP: 5/5
  2255 | D:4      | Noticed an ogre
  2262 | D:4      | Killed an ogre
  2263 | D:4      | Reached skill level 4 in Fighting
  2263 | D:4      | Reached skill level 1 in Ranged Weapons
  2268 | D:4      | Gained mutation: A weak demonic guardian rushes to your
                  | aid. [demonic ancestry]
  2268 | D:4      | Reached XP level 6. HP: 41/48 MP: 6/6
  2414 | D:4      | Noticed a water moccasin
  2421 | D:4      | Killed a water moccasin
  2422 | D:4      | Gained mutation: Your touch may irresistibly damage your
                  | foes and sap their willpower. [demonic ancestry]
  2422 | D:4      | Reached XP level 7. HP: 35/55 MP: 7/7
  3130 | D:4      | Found a runed translucent door.
  3131 | D:4      | Noticed Crazy Yiuf
  3257 | D:4      | Killed Crazy Yiuf
  3486 | D:5      | Entered Level 5 of the Dungeon
  3535 | D:5      | Reached skill level 1 in Unarmed Combat
  3705 | D:5      | Found a hide-covered altar of Uskayaw.
  3706 | D:5      | Noticed a +0 dagger
  3707 | D:5      | Noticed a +0 dagger
  3760 | D:5      | Reached XP level 8. HP: 61/61 MP: 8/8
  3804 | D:5      | Reached skill level 5 in Fighting
  4133 | D:5      | Found an iron altar of Okawaru.
  4417 | D:6      | Found a staircase to the Ecumenical Temple.
  4423 | Temple   | Entered the Ecumenical Temple
  4662 | D:6      | Found an ornate altar of the Wu Jian Council.
  4662 | D:6      | Found a shimmering altar of Xom.
  4669 | D:6      | Found a sparkling altar of Nemelex Xobeh.
  4672 | D:6      | Found a sacrificial altar of Ru.
  4674 | D:6      | Found a bloodstained altar of Trog.
  4679 | D:6      | Found a burning altar of Makhleb.
  4684 | D:6      | Became a worshipper of Makhleb the Destroyer
  5089 | D:7      | Reached skill level 5 in Armour
  5230 | D:7      | Reached skill level 5 in Shields
  5258 | D:7      | Reached * piety under Makhleb
  5265 | D:7      | Reached XP level 9. HP: 37/67 MP: 9/9
  5619 | D:7      | Found a broken altar of Ashenzari.
  5853 | D:8      | Reached skill level 6 in Fighting
  5883 | D:8      | Noticed Maggie
  5915 | D:8      | HP: 3/69 [yak (8)]
  5916 | D:8      | Slain by a yak

Illustrated notes

Levels and vault maps discovered:
D:1:      lightli_arrival_quake, layout_basic,
          dreamdust_ecumenical_altar_hidden_monk_grotto, serial_shops, shop,
          nicolae_concentric_dashed_squares_mild
D:2:      layout_loops_ring, basic_altar, eino_tiny_chamber,
          guppyfry_early_orc_mine
D:3:      layout_basic, serial_shops, shop
D:4:      wad_river_or_something, layout_loops_ring, uniq_crazy_yiuf_cottage
D:5:      layout_loops_ring, dancing_weapons_uskayaw,
          mainiacjoe_overflow_alcove_2
D:6:      layout_basic, nicolae_overflow_hallway_of_the_gods,
          minmay_temple_entry_enclosed_plants
D:7:      layout_basic, mainiacjoe_overflow_boulevard
D:8:      layout_basic, lemuel_round_altar, kennysheep_mini, uniq_maggie
Temple:   minmay_temple_curvy_loop

Skill      XL: |  1  2  3  4  5  6  7  8  9 |
---------------+----------------------------+-----
Polearms       | 2 3 |  3.4
Shields        | 3 4 5 |  5.5
Armour         | 3 4 5 |  5.7
Dodging        | 1 2 3 4 |  4.4
Fighting       | 4 5 6 |  6.2
Ranged Weapons | 1 2 3 4 |  4.4
Unarmed Combat | 1 3 |  3.6

Action                     |  1- 3 |  4- 6 |  7- 9 || total
---------------------------+-------+-------+-------++-------
  Melee: Trident           |   129 |       |       ||   129
         Touch             |    15 |       |    42 ||    57
         Unarmed           |       |       |    38 ||    38
         Punch             |       |       |     4 ||     4
         Rapier            |       |       |   128 ||   128
   Fire: Sling             |       |   107 |   118 ||   225
    Use: Potion            |       |       |     3 ||     3
   Stab: Sleeping          |       |       |     2 ||     2
 Armour: Scale mail        |    28 |       |       ||    28
         Leather armour    |     6 |    16 |    70 ||    92
         Steam dragon scal |       |       |    11 ||    11
  Dodge: Dodged            |    56 |    37 |   133 ||   226
  Block: Buckler           |     2 |       |       ||     2

Table legend: (Time is in decaauts)
 A = Elapsed time spent in this place.
 B = Non-inter-level travel time spent in this place.
 C = Inter-level travel time spent in this place.
 D = Time resting spent in this place.
 E = Time spent auto-exploring this place.
 F = Levels seen in this place.
 G = Mean time per level.
                   A        B        C        D        E       F      G
               +--------+--------+--------+--------+--------+-----+--------+
         Total |   5991 |   5683 |    308 |     32 |   4587 |   9 |  665.7 |
       Dungeon |   5906 |   5681 |    225 |     32 |   4587 |   8 |  738.2 |
        Temple |     84 |      1 |     83 |      0 |      0 |   1 |   84.0 |
               +--------+--------+--------+--------+--------+-----+--------+

Top non-repeatable levels by time:
     D:4: 1349 daAuts
     D:1: 876 daAuts
     D:2: 808 daAuts
     D:6: 725 daAuts
     D:5: 718 daAuts
     D:7: 679 daAuts
     D:3: 559 daAuts
     D:8: 188 daAuts
  Temple: 84 daAuts
